 Dungeon Crawl Stone Soup version bcrawl-1.12-8-g964540c432 (webtiles) character file.

Game seed: 16158942475673819652

31958 MisterOstroum the Archer (level 13, -2/113 HPs)
             Began as a Centaur Arcane Marksman on June 6, 2019.
             Was an Initiate of Gozag.
             Killed from afar by Frances (17 damage)
             ... with a shard of ice
             ... on level 1 of the Swamp on June 7, 2019.
             The game lasted 02:17:49 (26614 turns).

MisterOstroum the Archer (Centaur Arcane Marksman) Turns: 26614, Time: 02:17:50

Health: -2/113     AC: 12    Str: 22    XL:     13   Next: 28%
Magic:  14/19      EV: 12    Int: 12    God:    Gozag
Gold:   1684       SH:  1    Dex: 14    Spells: 3/20 levels left

rFire    . . .     SeeInvis +   a - +3 demon blade of a Gauntlet {venom, rC+}
rCold    + . .     Gourm    .   (no shield)
rNeg     . . .     Faith    .   I - +1 robe {MR+}
rPois    .         Spirit   .   M - +2 helmet
rElec    .         Reflect  .   O - +1 cloak
rCorr    .         Harm     .   L - +0 pair of fencer's gloves {Riposte Dex+3}
MR       +....                  (no barding)
Stlth    +.........             (no amulet)
HPRegen  0.28/turn              n - +5 ring of strength
MPRegen  0.16/turn              g - ring of see invisible

@: gold aura, very quick
A: large, hooves 3, deformed body, speed 2, tough skin 3
a: Potion Petition, Call Merchant, Bribe Branch, Renounce Religion


You were on level 1 of the Swamp.
You worshipped Gozag.
Gozag was most pleased with you.
You were not hungry.

You visited 3 branches of the dungeon, and saw 18 of its levels.
You also visited: Ossuary.

You collected 4561 gold pieces.
You spent 2169 gold pieces at shops.
You paid 708 gold pieces to Gozag.

Inventory:

Hand Weapons
 a - the +3 demon blade of a Gauntlet (weapon) {venom, rC+}
   (You bought it in a shop on level 7 of the Dungeon)

   It poisons the flesh of those it strikes.
   It protects you from cold.
 b - a +5 shortbow
Missiles
 f - 19 arrows
 l - 3866 stones
 p - a throwing net {!f!f}
 r - 92 tomahawks (quivered)
Armour
 t - a +4 chain mail of cold resistance
 I - a +1 robe of magic resistance (worn)
 L - the +0 pair of fencer's gloves (worn) {Riposte Dex+3}
   (You found it on level 8 of the Dungeon)

   It affects your dexterity (+3).
 M - a +2 helmet (worn)
 O - a +1 cloak (worn)
Jewellery
 g - a ring of see invisible (right hand)
 n - a +5 ring of strength (left hand)
Wands
 c - a wand of flame (9)
 d - a wand of digging (9)
 y - a wand of iceblast (13)
 z - a wand of scattershot (2)
 F - a wand of acid (6)
 P - a wand of paralysis (8)
 Q - a wand of enslavement (11)
Scrolls
 h - 6 scrolls of magic mapping {@r5 !r}
 u - 2 scrolls of amnesia
 w - 4 scrolls of immolation {unknown}
 C - 9 scrolls of teleportation {@r3 !r}
 D - 3 scrolls of fog {unknown}
 E - 4 scrolls of fear {unknown}
 G - 3 scrolls of noise {unknown}
 J - 2 scrolls of remove curse {@r2}
 K - 2 scrolls of summoning {unknown}
 N - a scroll of brand weapon {unknown}
 R - a scroll of identify {@r1}
Potions
 i - 4 potions of flight
 j - 3 potions of haste
 k - 3 potions of mutation
 m - 3 potions of heal wounds {@q2 !q}
 o - 3 potions of curing {@q1 !q}
 q - a potion of ambrosia
 s - a potion of resistance
 v - 4 potions of lignification
 x - 2 potions of might
 A - 6 potions of brilliance
 B - 3 potions of berserk rage
 H - a potion of agility {@q5 !q}
Comestibles
 e - 11 rations {!d}


   Skills:
 - Level 10.0 Fighting
 + Level 3.3 Long Blades
 - Level 14.0 Bows
 - Level 5.0 Armour
 - Level 5.4 Dodging
 - Level 4.0 Spellcasting
 - Level 3.7 Conjurations
 + Level 9.3 Hexes
 - Level 3.0 Translocations
 - Level 2.0 Fire Magic
   Level 2.0 Ice Magic
 + Level 5.9 Evocations


You had 3 spell levels left.
You knew the following spells:

 Your Spells              Type           Power        Failure   Level  Hunger
a - Corona                Hex            ###....      1%          1    #......
b - Shackle               Hex            ###.....     1%          2    ##.....
c - Confuse               Hex            ###.....     1%          3    ###....
d - Tukima's Dance        Hex            ###.....     1%          3    ###....
e - Blink                 Tloc           N/A          10%         2    ##.....
f - Cause Fear            Hex            ###.......   4%          4    #####..
g - Slow                  Hex            ###.....     1%          1    #......
i - Flame Tongue          Conj/Fire      #....        7%          1    #......

Your spell library contained the following spells:

 Spells                   Type           Power        Failure   Level  Hunger
 Ensorcelled Hibernation  Hex/Ice        ###...       3%          2    ##.....
 Magic Dart               Conj           ##..         4%          1    #......
 Dazzling Spray           Conj/Hex       ###...       4%          3    ###....
 Inner Flame              Hex/Fire       N/A          6%          3    ###....
 False Image              Hex/Summ       ##......     10%         3    ###....
 Conjure Flame            Conj/Fire      #.......     21%         3    ###....
 Call Imp                 Summ           #.......     32%         2    ##.....
 Mephitic Cloud           Conj/Pois/Air  #.......     36%         3    ###....
 Yara's Violent Unravell  Hex/Tmut       ##........   32%         4    #####..
 Fire Storm               Conj/Fire      #.........   100%        9    #######


Dungeon Overview and Level Annotations

Branches:
Dungeon (10/12)            Temple (0/1) D:7            Lair (6/6) D:7
  Swamp (2/3) Lair:3       Spider (0/3) Lair:4
  Slime: Lair:5-6       Orc: D:8-11

Altars:
Dithmenos
Elyvilon
Fedhas
Gozag
Hepliaklqana
Makhleb
Qazlal
Sif Muna
Trog
Uskayaw
Vehumet
Wu Jian
Xom

Shops:
D:2 *   D:4 :   D:7 =*?(%   Swamp:1 *

Annotations:
D:8 exclusion: 4 doors, Pikel
D:9 exclusion: door
Lair:2 exclusion: downstairs
Lair:3 exclusion: upstairs
Swamp:1 Frances, Louise


Innate Abilities, Weirdness & Mutations

You have hooves in place of feet.
Armour fits poorly on your strangely shaped body.
You cover ground very quickly.
You have extremely tough skin. (AC +3)


Message History

Okay, then.
Casting: Slow (safe; 1% risk of failure)
Confirm with . or Enter, or press ? or * to list all spells.
Aiming: Slow (safe; 1% risk of failure)
Press: ? - help, Shift-Dir - straight line, f/p - alligator
Aim: an alligator (chance to defeat MR: 47%)
The alligator resists with some effort.
Casting: Slow (safe; 1% risk of failure)
Confirm with . or Enter, or press ? or * to list all spells.
Aiming: Slow (safe; 1% risk of failure)
Press: ? - help, Shift-Dir - straight line, f/p - alligator
Aim: an alligator (chance to defeat MR: 47%)
The alligator resists with some effort.
The alligator bites you but does no damage.
The alligator tail-slaps you but does no damage.
Casting: Slow (safe; 1% risk of failure)
Confirm with . or Enter, or press ? or * to list all spells.
Aiming: Confuse (safe; 1% risk of failure)
Press: ? - help, Shift-Dir - straight line, f/p - alligator
Aim: an alligator (chance to defeat MR: 36%)
The alligator easily resists.
The alligator closely misses you.
You riposte.
You hit the alligator but do no damage.
The alligator is poisoned.
You kick the alligator.
The alligator is lightly wounded.
The alligator tail-slaps you.
You barely miss the alligator. You kick the alligator.
The alligator is lightly wounded.
The alligator puts on a burst of speed!
The alligator bites you!! The alligator closely misses you.
You barely miss the alligator. You kick the alligator.
The alligator is moderately wounded.
The alligator bites you!
The alligator tail-slaps you but does no damage.
You slash the alligator!
The alligator looks as sick as possible!
The alligator is heavily wounded.
The alligator bites you! The alligator closely misses you.
The alligator bites you.
The alligator tail-slaps you but does no damage.
You hit the alligator but do no damage. Your kick misses the alligator.
The alligator is heavily wounded.
The alligator bites you but does no damage.
The alligator tail-slaps you but does no damage.
You hit the alligator.
The alligator looks as sick as possible!
Your kick misses the alligator.
The alligator is heavily wounded.
The alligator misses you.
The alligator tail-slaps you but does no damage.
The alligator bites you. The alligator barely misses you.
Casting: Confuse (safe; 1% risk of failure)
Confirm with . or Enter, or press ? or * to list all spells.
Aiming: Confuse (safe; 1% risk of failure)
Press: ? - help, Shift-Dir - straight line, f/p - alligator
Aim: an alligator (severely wounded, poisoned, covering ground quickly, chance to defeat MR: 36%)
The alligator easily resists.
The alligator closely misses you.
The alligator tail-slaps you but does no damage.
You barely miss the alligator.
The alligator is severely wounded.
The alligator bites you!
The alligator tail-slaps you but does no damage.
You hit the alligator.
The alligator looks as sick as possible!
You kick the alligator!
The alligator is almost dead.
The alligator bites you!!
* * * LOW HITPOINT WARNING * * *
The alligator tail-slaps you.
* * * LOW HITPOINT WARNING * * *
The alligator misses you.
You riposte.
You slash the alligator!
The alligator looks as sick as possible!
Your kick misses the alligator.
The alligator is almost dead.
The alligator tail-slaps you.
* * * LOW HITPOINT WARNING * * *
You hit the alligator.
You kill the alligator!
You now have 1684 gold pieces (gained 19).
Frances, Duchess of Pandemonium comes into view.
She is wielding a +0 glaive.
Press: ? - help, v - describe, . - travel
Here: Frances, wielding a +0 glaive and wearing a +0 leather armour (hasn't noticed you)
The floor.
Frances is nearby!
Frances shouts!
Frances screams a word of power!
Frances seems to speed up.
Frances screams a word of power!
Casting: Confuse (safe; 1% risk of failure)
Confirm with . or Enter, or press ? or * to list all spells.
Aiming: Slow (safe; 1% risk of failure)
Press: ? - help, Shift-Dir - straight line, f/p - Frances
Aim: Frances, wielding a +0 glaive and wearing a +0 leather armour (fast, chance to defeat MR: 6%)
Okay, then.
You enter the shallow water.
Moving in this stuff is going to be slow.
Frances chants phrases taken from a devil's mouth.
Frances screams a word of power!
The shard of ice hits you! You partially resist.
You die...
Your body crumbles into a pile of gold.

...§≈.....♣..≈≈≈..≈♣≈♣
.§≈..≈≈≈<....≈≈≈≈≈≈≈♣
......≈..≈≈≈≈≈≈≈≈≈≈.♣
.≈♣≈.≈≈.≈≈≈≈..≈≈≈≈≈≈♣♣
.≈≈≈≈≈≈≈≈≈≈≈≈§.§≈≈≈.≈♣
.≈≈≈≈.≈≈≈≈≈≈≈≈≈......♣
..≈≈....≈≈≈≈≈≈≈≈.≈≈♣♣♣
.....≈≈4.≈≈≈≈≈≈≈≈...♣
≈≈≈..≈≈.....≈@≈≈.≈.♣♣
≈.≈≈.3.@♣♣≈......≈♣
≈..≈≈3♣♣♣♣♣♣♣♣♣♣♣♣♣
...≈≈. ..≈≈≈ ♣≈≈≈≈
♣..≈ ♣♣..


You could see Frances, a sun demon and an orange demon.

Vanquished Creatures
  5 hydras
  3 alligators (Swamp:1)
  A two-headed ogre (D:8)
  A death yak (Lair:2)
  A swamp dragon (Swamp:1)
  3 black mambas
  8 cane toads
  Joseph (D:7)
  A troll (D:5)
  5 komodo dragons
  3 polar bears
  4 hornets
  4 bog bodies
  3 slime creatures
  8 hippogriffs
  2 redbacks (Lair:4)
  A spriggan (D:7)
  35 yaks
  Eustachio (D:5)
  2 basilisks
  A wyvern (D:9)
  6 vampire mosquitoes (Swamp:1)
  Edmund (D:5)
  11 water moccasins
  4 swamp worms
  9 porcupines
  A swamp drake (Swamp:1)
  2 black bears (D:6)
  A hornet zombie (D:6)
  5 orc warriors
  3 sky beasts
  4 necrophages (D:7)
  2 ice beasts
  A phantom (D:5)
  4 slaves
  10 ogres
  9 crocodiles
  3 centaurs
  2 elf zombies (Ossuary)
  A big kobold (D:9)
  8 bullfrogs
  4 scorpions
  A water moccasin skeleton (D:4)
  5 wights (D:7)
  An electric eel (Lair:3)
  2 howler monkeys
  4 crimson imps
  A bullfrog zombie (D:5)
  A centaur zombie (Ossuary)
  3 human zombies (Ossuary)
  8 orc priests
  11 hounds
  A jelly (D:6)
  10 orc wizards
  A centaur skeleton (D:4)
  2 iguanas
  Terence (D:3)
  5 worker ants
  A big kobold zombie (Ossuary)
  5 hound zombies
  3 mummies (Ossuary)
  2 worker ant zombies (D:7)
  Robin (D:3)
  8 adders
  8 gnolls
  2 shadow imps
  An ooze (D:2)
  5 adder zombies
  2 adder skeletons
  3 worms
  2 dart slugs
  8 leopard geckos
  25 orcs
  2 ball pythons
  2 giant cockroaches
  9 goblins
  15 hobgoblins
  13 jackals
  12 kobolds
  4 quokkas
  9 bats
  5 frilled lizards
  4 goblin zombies (Ossuary)
  4 hobgoblin zombies (Ossuary)
  5 jackal zombies (Ossuary)
  A kobold zombie (Ossuary)
  A leopard gecko zombie (D:5)
  An orc zombie (Ossuary)
  5 quokka zombies
  6 rats
  4 rat zombies (Ossuary)
  A bush (D:7)
420 creatures vanquished.

Vanquished Creatures (others)
  5 fungi
  13 plants
18 creatures vanquished.

Grand Total: 438 creatures vanquished

Notes
Turn   | Place    | Note
-------+----------+-------------------------------------------
     0 | D:1      | MisterOstroum the Centaur Arcane Marksman began the quest
                  | for the Orb.
     0 | D:1      | Reached XP level 1. HP: 16/16 MP: 3/3
   156 | D:1      | Reached skill level 3 in Bows
   179 | D:1      | Reached XP level 2. HP: 12/23 MP: 4/4
   671 | D:1      | Reached XP level 3. HP: 29/29 MP: 5/5
   816 | D:1      | Reached skill level 4 in Bows
  1106 | D:2      | Found a hide-covered altar of Uskayaw.
  1119 | D:2      | Found an opulent altar of Gozag.
  1506 | D:2      | Found a shadowy altar of Dithmenos.
  1602 | D:2      | Reached XP level 4. HP: 37/37 MP: 6/6
  2013 | D:2      | Found Gozag's Platinum Reserve.
  2246 | D:2      | Learned a level 2 spell: Shackle
  2296 | D:2      | Became a worshipper of Gozag Ym Sagoz the Greedy
  2327 | D:3      | Reached XP level 5. HP: 45/45 MP: 7/7
  2338 | D:3      | Reached skill level 5 in Bows
  2369 | D:3      | Noticed Terence
  2412 | D:3      | Killed Terence
  2582 | D:3      | Noticed an ogre
  2611 | D:3      | Killed an ogre
  2611 | D:3      | Reached XP level 6. HP: 52/52 MP: 3/8
  2791 | D:3      | Reached skill level 6 in Bows
  2867 | D:3      | Noticed Robin
  2874 | D:3      | Killed Robin
  3216 | D:4      | Noticed an orc warrior
  3218 | D:4      | Noticed an orc warrior
  3395 | D:4      | Reached XP level 7. HP: 54/60 MP: 4/9
  3459 | D:4      | Reached skill level 7 in Bows
  3548 | D:4      | Found Dyopamimuo's Book Emporium.
  3588 | D:4      | Reached skill level 5 in Fighting
  3956 | D:4      | Reached skill level 8 in Bows
  4140 | D:4      | Reached XP level 8. HP: 70/70 MP: 8/10
  4672 | D:5      | Entered Level 5 of the Dungeon
  4685 | D:5      | Found a stormy altar of Qazlal.
  4712 | D:5      | Found a sand-covered staircase.
  4717 | Ossuary  | Entered an ossuary
  4795 | Ossuary  | Reached skill level 9 in Bows
  5159 | Ossuary  | Reached skill level 5 in Hexes
  5302 | D:5      | Noticed Edmund
  5322 | D:5      | Killed Edmund
  5502 | D:5      | Found a burning altar of Makhleb.
  5630 | D:5      | Reached skill level 10 in Bows
  5810 | D:5      | Noticed a troll
  5840 | D:5      | Reached XP level 9. HP: 79/79 MP: 7/11
  6025 | D:5      | Killed a troll
  6159 | D:5      | Noticed Eustachio
  6497 | D:5      | Killed Eustachio
  6666 | D:5      | Found a shimmering altar of Xom.
  6828 | D:5      | Reached skill level 11 in Bows
  6843 | D:5      | Got a transparent mace
  6998 | D:5      | Identified the +4 mace "Xitukuq" {speed, Dex+4} (You found
                  | it on level 5 of the Dungeon)
  7297 | D:4      | Bought a book of Minor Magic for 260 gold pieces
  7297 | D:4      | Bought Ibrosch's Handbook of Flames and Curses for 936 gold
                  | pieces
  7302 | D:4      | Learned a level 4 spell: Cause Fear
  7305 | D:4      | Learned a level 2 spell: Blink
  7307 | D:4      | Learned a level 1 spell: Flame Tongue
  7344 | D:6      | Found a deep blue altar of Sif Muna.
  7684 | D:6      | Learned a level 2 spell: Ensorcelled Hibernation
  7686 | D:6      | Learned a level 1 spell: Slow
  8398 | D:7      | Noticed Joseph
  8493 | D:7      | Found Wybli's Antique Weapon Shop.
  8493 | D:7      | Found Torutisu's Magic Scroll Shoppe.
  8493 | D:7      | Found Sudass's Assorted Antiques.
  8564 | D:7      | Found Eqaellol's Food Boutique.
  8582 | D:7      | Reached XP level 10. HP: 91/91 MP: 14/14
  8585 | D:7      | Found Uxzab's Jewellery Emporium.
  8593 | D:7      | Bought an uncursed ring of see invisible for 225 gold
                  | pieces
  8669 | D:7      | Reached skill level 1 in Ice Magic
  8765 | D:7      | Found a staircase to the Ecumenical Temple.
  9201 | D:7      | Found a white marble altar of Elyvilon.
  9284 | D:7      | Reached skill level 12 in Bows
  9553 | D:7      | Found a staircase to the Lair.
  9914 | D:8      | Found a hazy altar of Hepliaklqana.
 10000 | D:8      | Noticed a two-headed ogre
 10012 | D:8      | Killed a two-headed ogre
 10012 | D:8      | Reached skill level 10 in Fighting
 10025 | D:8      | Reached skill level 13 in Bows
 10284 | D:8      | Reached skill level 1 in Conjurations
 10512 | D:8      | Reached XP level 11. HP: 93/99 MP: 13/17
 10653 | D:8      | Found a bloodstained altar of Trog.
 10704 | D:8      | Noticed Pikel
 11121 | D:8      | Found the +0 pair of fencer's gloves {Riposte Dex+3}
 11913 | D:8      | Found a hazy altar of Hepliaklqana.
 12238 | D:9      | Reached skill level 14 in Bows
 12642 | D:9      | Found an ornate altar of the Wu Jian Council.
 13033 | D:9      | Noticed a five-headed hydra
 13108 | D:9      | Reached skill level 1 in Evocations
 13240 | D:10     | Entered Level 10 of the Dungeon
 13313 | D:7      | Bought a ration for 50 gold pieces
 13313 | D:7      | Bought a ration for 50 gold pieces
 13418 | Lair:1   | Entered Level 1 of the Lair of Beasts
 13649 | Lair:1   | Noticed a five-headed hydra
 15332 | Lair:2   | Noticed a death yak
 15386 | Lair:2   | Noticed a death yak
 15418 | Lair:2   | Killed a death yak
 15808 | Lair:2   | Reached skill level 5 in Evocations
 16029 | Lair:2   | Noticed a death yak
 16029 | Lair:2   | Noticed a death yak
 16344 | Lair:3   | Noticed an eight-headed hydra
 16388 | Lair:3   | Killed an eight-headed hydra
 16388 | Lair:3   | Reached skill level 5 in Dodging
 16388 | Lair:3   | Reached XP level 12. HP: 79/106 MP: 18/18
 16796 | Lair:3   | Learned a level 3 spell: Confuse
 16799 | Lair:3   | Noticed a seven-headed hydra
 16816 | Lair:3   | Killed a seven-headed hydra
 16816 | Lair:3   | Reached skill level 1 in Translocations
 16934 | Lair:3   | Got a smoking scale mail
 17270 | Lair:2   | Noticed a death yak
 17989 | Lair:1   | Learned a level 3 spell: Tukima's Dance
 18116 | Lair:1   | Killed a five-headed hydra
 18339 | Lair:2   | Noticed an eight-headed hydra
 18937 | Lair:3   | Found a staircase to the Swamp.
 19573 | Lair:4   | Reached skill level 1 in Armour
 20311 | Lair:4   | Found a hole to the Spider Nest.
 20570 | Lair:4   | Reached skill level 1 in Fire Magic
 23006 | Lair:2   | Noticed a death yak
 23101 | D:7      | Bought a scorched demon blade for 520 gold pieces
 23101 | D:7      | Identified the cursed +3 demon blade of a Gauntlet {venom,
                  | rC+} (You bought it in a shop on level 7 of the Dungeon)
 23528 | D:7      | Killed Joseph
 23791 | D:7      | Found a radiant altar of Vehumet.
 23815 | D:7      | Found a blossoming altar of Fedhas.
 23937 | D:7      | Reached skill level 1 in Long Blades
 24166 | Lair:6   | Entered Level 6 of the Lair of Beasts
 24166 | Lair:6   | Noticed a five-headed hydra
 25264 | Swamp:1  | Entered Level 1 of the Swamp
 25264 | Swamp:1  | Noticed an alligator
 25277 | Swamp:1  | Killed an alligator
 25366 | Swamp:1  | Noticed an alligator
 25383 | Swamp:1  | Killed an alligator
 25383 | Swamp:1  | Reached XP level 13. HP: 112/112 MP: 16/19
 25757 | Swamp:1  | Reached skill level 5 in Armour
 25790 | Swamp:1  | Noticed Louise
 25863 | Swamp:1  | Bought an encrusted copper wand for 128 gold pieces
 26610 | Swamp:1  | Noticed Frances
 26614 | Swamp:1  | Killed from afar by Frances

Skill      XL: |  1  2  3  4  5  6  7  8  9 10 11 12 13 |
---------------+----------------------------------------+-----
Bows           | 3 4 5 6 8 10 11 13 14 | 14.0
Fighting       | 2 3 4 6 7 9 10 | 10.0
Hexes          | 3 4 5 6 7 9 |  9.3
Spellcasting   | 3 4 |  4.0
Ice Magic      | 2 |  2.0
Conjurations   | 1 2 3 |  3.7
Evocations     | 5 |  5.9
Dodging        | 5 |  5.4
Translocations | 3 |  3.0
Armour         | 4 5 |  5.0
Fire Magic     | 2 |  2.0
Long Blades    | 2 3 |  3.3

Action                   |  1- 3 |  4- 6 |  7- 9 | 10-12 | 13-15 || total
-------------------------+-------+-------+-------+-------+-------++-------
Melee: Dagger            |    42 |       |       |     1 |       ||    43
       Kick              |    23 |     3 |   108 |   248 |    32 ||   414
       Short sword       |    51 |    22 |   268 |       |       ||   341
       Shortbow          |       |     1 |       |       |       ||     1
       Mace              |       |       |    35 |   405 |       ||   440
       Demon blade       |       |       |       |    78 |    63 ||   141
 Fire: Shortbow          |    95 |   138 |   344 |   468 |    21 ||  1066
Throw: Stone             |    13 |     6 |   109 |    39 |       ||   167
       Tomahawk          |       |       |       |    22 |     1 ||    23
 Cast: Corona            |     1 |       |     1 |    73 |     4 ||    79
       Shackle           |       |    18 |    38 |   102 |     4 ||   162
       Slow              |       |       |     1 |    98 |    25 ||   124
       Ensorcelled Hiber |       |       |       |     6 |       ||     6
       Confuse           |       |       |       |    36 |    13 ||    49
       Blink             |       |       |       |     2 |       ||     2
       Cause Fear        |       |       |       |     1 |       ||     1
Invok: Call Merchant     |       |       |       |       |     1 ||     1
Evoke: Wand              |       |       |       |    37 |     8 ||    45
  Use: Scroll            |     7 |     1 |     8 |    17 |     2 ||    35
       Potion            |       |     2 |       |       |     2 ||     4
 Stab: Distracted        |       |       |       |     1 |     1 ||     2
       Sleeping          |       |       |       |     1 |       ||     1
       Confused          |       |       |       |    14 |     2 ||    16
  Eat: Chunk             |     2 |     2 |       |     1 |       ||     5
       Ration            |       |     1 |     5 |    16 |     2 ||    24
Armor: Robe              |    57 |    12 |    84 |   107 |    39 ||   299
       Chain mail        |       |       |    51 |    13 |       ||    64
Dodge: Dodged            |    52 |    12 |   120 |   220 |    46 ||   450
Block: Large shield      |       |       |       |     6 |       ||     6
       Rpst.: Mace       |       |       |       |    42 |       ||    42
       Dagger            |       |       |       |     1 |       ||     1
       Shortbow          |       |       |       |     1 |       ||     1
       Demon blade       |       |       |       |     7 |    14 ||    21
